 Dungeon Crawl Stone Soup version 0.27-a0-1579-g97d2440184 (webtiles) character file.

Game seed: 3175880581636541814

2720 mandarbmax the Geomancer (level 9, 0/59 HPs)
             Began as an Octopode Earth Elementalist on July 18, 2021.
             Was an Initiate of Ashenzari.
             Killed from afar by an orc wizard (12 damage)
             ... with a puff of flame
             ... on level 7 of the Dungeon.
             The game lasted 00:18:39 (9597 turns).

mandarbmax the Geomancer (OpEE)                     Turns: 9597, Time: 00:18:40

Health: 0/59       AC:  1    Str:  7    XL:     9   Next: 66%
Magic:  12/12      EV: 15    Int: 32    God:    Ashenzari [......]
Gold:   93         SH:  0    Dex: 13    Spells: 5/12 levels left

rFire    . . .     SeeInvis .   g - +3 short sword (speed)
rCold    . . .     Faith    .   (no shield)
rNeg     . . .     Spirit   .   (helmet restricted)
rPois    .         Reflect  .   r - amulet of the acrobat
rElec    .         Harm     .   n - +6 ring of intelligence
rCorr    .         Rampage  .   t - +6 ring of intelligence
Will     .....                  (no ring)
Stlth    ++++......             (no ring)
HPRegen  0.19/turn              (no ring)
MPRegen  0.13/turn              (no ring)
                                (no ring)
                                (no ring)

@: no status effects
A: almost no armour, amphibious, 8 rings, camouflage 1, gelatinous body 1,
(nimble swimmer 1), tentacles
a: Renounce Religion


You were on level 7 of the Dungeon.
You worshipped Ashenzari.
Ashenzari was noncommittal.
You visited 2 branches of the dungeon, and saw 8 of its levels.

You collected 252 gold pieces.
You spent 159 gold pieces at shops.

Inventory:

Hand Weapons
 g - a +3 short sword of speed (weapon)
Missiles
 b - 195 stones
 w - a throwing net
Magical Staves
 m - a staff of cold
Jewellery
 n - a +6 ring of intelligence (left tentacle)
 r - an amulet of the acrobat (around mantle)
 t - a +6 ring of intelligence (right tentacle)
Wands
 k - a wand of iceblast (10)
 y - a wand of mindburst (6)
Scrolls
 c - 2 scrolls of immolation
 f - a scroll of blinking
 o - a scroll of brand weapon
 p - a scroll of enchant armour
 u - a scroll of amnesia
 x - a scroll of summoning
Potions
 a - a potion of heal wounds
 d - 6 potions of curing
 e - 3 potions of brilliance
 h - a potion of mutation
 i - a potion of berserk rage
 j - a potion of lignification
 l - a potion of flight
 q - a potion of attraction
 s - a potion of resistance


   Skills:
 + Level 4.5 Fighting
 + Level 5.1 Dodging
 + Level 7.2 Stealth
 - Level 2.0 Spellcasting
 + Level 2.6 Summonings
 - Level 1.0 Transmutations
 - Level 10.0 Earth Magic


You had 5 spell levels left.
You knew the following spells:

 Your Spells              Type           Power      Damage    Failure   Level
a - Sandblast             Erth           100%       2d20      1%          1
b - Stone Arrow           Conj/Erth      70%        3d11      2%          3
c - Call Canine Familiar  Summ           19%        N/A       7%          3

Your spell library contained the following spells:

 Spells                   Type           Power      Damage    Failure   Level
 Passwall                 Tmut/Erth      31%        N/A       1%          2
 Summon Small Mammal      Summ           76%        N/A       2%          1
 Animate Skeleton         Necr           6%         N/A       7%          1
 Pain                     Necr           12%        1d4       7%          1
 Petrify                  Tmut/Erth      38%        N/A       7%          4
 Static Discharge         Conj/Air       3%         N/A       11%         2
 Summon Guardian Golem    Hex/Summ       11%        N/A       12%         3
 Vampiric Draining        Necr           1%         2d6       21%         3
 Lightning Bolt           Conj/Air       1%         1d12      88%         5
 Maxwell's Capacitive Co  Air            1%         ∞         100%        8


Dungeon Overview and Level Annotations

Branches:
Dungeon (7/15)             Temple (1/1) D:7

Altars:
Ashenzari
Cheibriados
Dithmenos
Elyvilon
Fedhas
Gozag
Hepliaklqana
Kikubaaqudgha
Makhleb
Nemelex Xobeh
Okawaru
Qazlal
Ru
Sif Muna
Trog
Uskayaw
Vehumet
Wu Jian
Xom
Yredelemnul
Zin
The Shining One

Shops:
D:2 ::!   D:4 *   D:5 *


Innate Abilities, Weirdness & Mutations

You cannot wear most types of armour.
You are amphibious.
You can wear up to eight rings at the same time.
Your skin changes colour to match your surroundings (Stealth+).
Your rubbery body absorbs attacks. (AC +1, EV +1)
((You are camouflaged near water. (Stealth+)))
You have tentacles for arms and can constrict up to eight enemies at once.


Message History

A magic dart appears from out of thin air!
The magic dart hits you! Something hits you.
* * * LOW HITPOINT WARNING * * *
You barely miss something. You squeeze something.
Reactivating autopickup.
You feel a bit more experienced. The orc closely misses you.
You hear some strange, mumbled words.
Deactivating autopickup; reactivate with Ctrl-A.
Something tries to affect you, but you resist.
Unknown command.
You bump into the rock wall.
The orc closely misses you. Something hits you.
* * * LOW HITPOINT WARNING * * *
Unknown command.
Okay, then.
You feel better. The orc misses you. Something hits you.
You hit the orc. You grab the orc.
The orc is severely wounded.
You constrict the orc, but do no damage.
The orc barely misses you.
You hit the orc but do no damage. You squeeze the orc.
The orc is almost dead.
You constrict the orc, but do no damage.
Something hits you.
* * * LOW HITPOINT WARNING * * *
Unknown command.
You constrict the orc.
You kill the orc!
Something hits you.
* * * LOW HITPOINT WARNING * * *
Unknown command.
Something misses you.
Things that are here:
a +0 dagger; a +0 robe You closely miss something.
Something hits you.
* * * LOW HITPOINT WARNING * * *
You miss something.
You hear some strange, mumbled words.
A puff of flame appears from out of thin air!
The puff of flame hits you!
You die...

#......#..........#.....'......
#########...##....#>....#......
#...##....#.....#......
#...###+#####...#......
#...##...##############
#...........# * #..)........# *
#.).........# * #.)..{@.....# *
############# *


There were no monsters in sight!

Vanquished Creatures
  Grinder (D:5)
  Edmund (D:5)
  An acid dragon (D:7)
  3 black bears
  3 ice beasts
  2 necrophages (D:6)
  3 ogres
  2 phantoms (D:6)
  A centaur (D:7)
  A kobold brigand (D:7)
  2 scorpions
  A wyvern skeleton (D:7)
  2 gnoll shamans (D:6)
  An orc priest (D:6)
  2 centaur skeletons
  3 hounds
  A jelly (D:5)
  Natasha (twice) (D:3)
  3 iguanas
  7 orc wizards
  A hound skeleton (D:3)
  8 gnolls (D:6)
  8 adders
  3 worms
  3 dart slugs
  9 orcs
  2 endoplasms
  6 giant cockroaches
  6 goblins
  5 hobgoblins
  6 jackals (D:4)
  4 quokkas
  5 ball pythons
  5 bats
  3 frilled lizards
  10 kobolds
  11 rats
137 creatures vanquished.

Vanquished Creatures (collateral kills)
  A jelly (D:7)
  An orc wizard (D:7)
  An orc (D:7)
  3 kobolds (D:7)
6 creatures vanquished.

Vanquished Creatures (others)
  A kobold (D:7)
1 creature vanquished.

Grand Total: 144 creatures vanquished

Notes
Turn   | Place    | Note
-------+----------+-------------------------------------------
     0 | D:1      | mandarbmax the Octopode Earth Elementalist began the quest
                  | for the Orb.
     0 | D:1      | Reached XP level 1. HP: 11/11 MP: 3/3
    51 | D:1      | Found a faded altar of an unknown god.
   481 | D:1      | Reached XP level 2. HP: 17/17 MP: 3/5
  1145 | D:2      | Reached skill level 4 in Earth Magic
  1295 | D:2      | Reached XP level 3. HP: 21/21 MP: 3/6
  1553 | D:2      | Found Guedeot's Book Shop.
  1682 | D:2      | Found Syigh's Book Shoppe.
  1801 | D:2      | Found Ziwehuj's Distillery.
  1810 | D:2      | Bought a potion of berserk rage for 50 gold pieces
  2068 | D:3      | Reached XP level 4. HP: 25/27 MP: 7/7
  2185 | D:3      | Reached skill level 5 in Earth Magic
  2642 | D:2      | Bought a potion of brilliance for 40 gold pieces
  2655 | D:3      | Noticed Natasha
  2661 | D:3      | Killed Natasha
  2800 | D:3      | Reached XP level 5. HP: 31/31 MP: 6/8
  3320 | D:4      | Found Haimox's Elemental Accessories.
  3341 | D:4      | Reached skill level 6 in Earth Magic
  3344 | D:4      | Noticed a black bear
  3351 | D:4      | Killed a black bear
  3352 | D:4      | Reached XP level 6. HP: 15/36 MP: 1/9
  3565 | D:4      | Reached skill level 7 in Earth Magic
  3753 | D:4      | Found an iron altar of Okawaru.
  3879 | D:4      | Reached XP level 7. HP: 41/41 MP: 8/10
  4074 | D:5      | Entered Level 5 of the Dungeon
  4097 | D:5      | Noticed Edmund
  4110 | D:5      | Reached skill level 8 in Earth Magic
  4135 | D:5      | Killed Edmund
  4560 | D:5      | Noticed Grinder
  4563 | D:5      | Paralysed by Grinder for 7 turns
  4577 | D:5      | Killed Grinder
  4578 | D:5      | Reached skill level 9 in Earth Magic
  4578 | D:5      | Reached XP level 8. HP: 46/46 MP: 11/11
  4616 | D:4      | Learned a level 3 spell: Stone Arrow
  5262 | D:5      | Found Rurin's General Store.
  5265 | D:5      | Bought a potion of degeneration for 13 gold pieces
  5265 | D:5      | Bought a scroll of identify for 26 gold pieces
  5460 | D:2      | Bought a potion of curing for 30 gold pieces
  5549 | D:3      | Noticed Natasha
  5555 | D:3      | Killed Natasha
  5556 | D:3      | Reached skill level 10 in Earth Magic
  6141 | D:6      | Reached skill level 1 in Fighting
  6622 | D:6      | Reached skill level 5 in Stealth
  6682 | D:6      | Reached XP level 9. HP: 56/56 MP: 1/12
  6863 | D:6      | Learned a level 3 spell: Call Canine Familiar
  7611 | D:7      | Reached skill level 1 in Summonings
  7884 | D:7      | Found a staircase to the Ecumenical Temple.
  7932 | Temple   | Entered the Ecumenical Temple
  8224 | Temple   | Became a worshipper of Ashenzari the Shackled
  9318 | D:7      | Reached skill level 5 in Dodging
  9597 | D:7      | Killed from afar by an orc wizard

Illustrated notes

Levels and vault maps discovered:
D:1:      tarquinn_simple_flora_water_a, layout_loops_ring,
          hellmonk_ecumenical_altar_blasted
D:2:      layout_basic, serial_shops, nicolae_shop_crystal, nicolae_shop_trees,
          shop
D:3:      layout_basic, uniq_natasha
D:4:      minmay_wonky_spiral, layout_loops_ring,
          mainiacjoe_overflow_small_starburst, nicolae_elemental_shop
D:5:      layout_basic, serial_shops, kennysheep_mini, uniq_edmund, uniq_grinder
D:6:      layout_basic
D:7:      layout_gridville, minmay_temple_entry_glass, minmay_misc_feat_enclosed
Temple:   regret_index_temple_sigil_plot

Skill      XL: |  1  2  3  4  5  6  7  8  9 |
---------------+----------------------------+-----
Earth Magic    | 4 5 6 7 9 10 | 10.0
Stealth        | 5 7 |  7.2
Fighting       | 3 4 |  4.5
Dodging        | 3 5 |  5.1
Summonings     | 2 |  2.6
Spellcasting   | |  2.0
Transmutations | |  1.0

Action                   |  1- 3 |  4- 6 |  7- 9 || total
-------------------------+-------+-------+-------++-------
Melee: Unarmed           |    12 |       |       ||    12
       Constrict         |    13 |    13 |     7 ||    33
       Tentacles         |     7 |     6 |    13 ||    26
       Dagger            |    13 |       |       ||    13
       Short sword       |    36 |    53 |    98 ||   187
 Cast: Sandblast         |    25 |    23 |    24 ||    72
       Stone Arrow       |       |       |    47 ||    47
       Call Canine Famil |       |       |     7 ||     7
Evoke: Wand              |       |       |     4 ||     4
  Use: Scroll            |       |     3 |     8 ||    11
       Potion            |       |       |     6 ||     6
 Stab: Sleeping          |    15 |     7 |     1 ||    23
       Invisible         |       |       |     2 ||     2
Armor: Skin              |     4 |     2 |    41 ||    47
Dodge: Dodged            |    29 |    37 |    60 ||   126

Table legend: (Time is in decaauts)
 A = Elapsed time spent in this place.
 B = Non-inter-level travel time spent in this place.
 C = Inter-level travel time spent in this place.
 D = Time resting spent in this place.
 E = Time spent auto-exploring this place.
 F = Levels seen in this place.
 G = Mean time per level.
                   A        B        C        D        E       F      G
               +--------+--------+--------+--------+--------+-----+--------+
         Total |   9561 |   8894 |    667 |   2528 |   5351 |   8 | 1195.1 |
       Dungeon |   8953 |   8311 |    642 |   2227 |   5075 |   7 | 1279.0 |
        Temple |    607 |    582 |     25 |    301 |    276 |   1 |  607.0 |
               +--------+--------+--------+--------+--------+-----+--------+

Top non-repeatable levels by time:
     D:6: 1623 daAuts
     D:7: 1571 daAuts
     D:5: 1411 daAuts
     D:4: 1244 daAuts
     D:3: 1141 daAuts
     D:1: 1090 daAuts
     D:2: 871 daAuts
  Temple: 607 daAuts
